Map: Moonlight Madness LE (Void)

Players

Stacker

  • Race: Zerg Zerg
  • League: Grandmaster

wabbajack - Winner!

  • Race: Zerg Zerg
  • League: Gold

VOD

Have the link to the VOD?

Description

Time

  • Played on: July 20, 2015, 3:05 p.m.
  • Length: 6:47
Show
View Real Time Build Order
Export as new Build Order

Stacker Zerg 

Build Orders: Pool First 

Get SALT Encoding   

  12  0:02  Drone  
  13  0:12  Overlord  
  13  0:24  Drone  
  14  0:31  Drone x2  
  16  0:36  Drone  
  17  0:48  Spawning Pool  
  16  0:54  Drone  
  17  1:02  Overlord  
  17  1:12  Drone  
  18  1:23  Drone  
  19  1:26  Hatchery  
  18  1:33  Drone  
  18  1:36  Extractor  
  18  1:37  Queen  
  20  2:02  Drone x3  
  23  2:16  Hatchery  
  23  2:17  Overlord  
  22  2:47  Drone  
  22  2:48  Queen  
  25  2:51  Hatchery  
  25  2:55  Drone x2  
  25  2:57  Drone  
  27  3:13  Drone x3  
  27  3:16  Drone x3  
  33  3:25  Metabolic Boost  
  33  3:26  Overlord  
  33  3:35  Drone  
  33  3:36  Queen  
  36  3:49  Spine Crawler  
  36  3:52  Spine Crawler  
  36  3:54  Zergling x8  
  38  3:58  Spine Crawler  
  38  4:02  Zergling x4  
  39  4:15  Queen  
  41  4:20  Drone x3  
  44  4:31  Zergling x6  
  44  4:32  Zergling x2  
  44  4:33  Drone  
  44  4:34  Drone x4  
  44  4:36  Extractor  
  52  4:41  Roach Warren  
  52  4:43  Drone  
  52  4:46  Extractor  
  51  5:04  Drone x2  
  51  5:05  Drone x2  
  51  5:06  Lair, Extractor  
  54  5:08  Pneumatized Carapace  
  54  5:09  Drone  
  54  5:10  Drone x2  
  54  5:11  Overlord  
  57  5:17  Queen  
  57  5:19  Zergling x4  
  58  5:22  Zergling x2  
  58  5:23  Zergling x2  
  58  5:27  Spine Crawler  
  59  5:34  Roach x3  
  62  5:39  Zergling x4  
  62  5:42  Zergling x6  
  57  5:50  Roach x3  
  47  5:59  Zergling x6  
  13  6:20  Roach  
  13  6:22  Roach  
Show
View Real Time Build Order
Export as new Build Order

wabbajack Zerg - Winner!

Build Orders: Hatch First 

Get SALT Encoding   

  12  0:01  Drone  
  13  0:15  Drone  
  14  0:22  Overlord  
  14  0:27  Extractor x2  
  12  0:29  Drone x2  
  16  0:41  Drone  
  17  0:57  Hatchery  
  17  0:59  Extractor  
  17  1:01  Drone  
  16  1:05  Drone  
  17  1:16  Drone  
  18  1:28  Spawning Pool  
  17  1:39  Drone x2  
  19  1:46  Overlord  
  19  2:05  Drone x2  
  21  2:14  Queen  
  23  2:16  Drone x2  
  25  2:29  Drone  
  27  2:30  Drone, Spine Crawler  
  27  2:33  Zergling x2  
  27  2:36  Queen  
  29  2:46  Roach Warren  
  29  2:48  Metabolic Boost  
  28  3:00  Zergling x2  
  28  3:02  Zergling x2  
  28  3:03  Zergling x2  
  31  3:09  Overlord x2  
  32  3:27  Drone  
  32  3:31  Spine Crawler  
  33  3:48  Roach  
  33  3:49  Roach x7  
  47  3:59  Roach  
  47  4:00  Roach  
  51  4:03  Extractor  
  51  4:04  Roach  
  53  4:36  Overlord x2  
  53  4:40  Overlord  
  53  4:56  Zergling x2  
  53  4:57  Zergling x22  
  65  5:09  Overlord  
  65  5:12  Zergling x2  
  65  5:13  Zergling x14  
  73  5:31  Overlord  
  73  5:32  Zergling x2  
  73  5:33  Zergling x4  
  70  6:00  Zergling x18  
  76  6:16  Zergling x6  
  76  6:17  Zergling x2  
  78  6:37  Spine Crawler  
Tags
 
Add a new tag
Caveats
  • Supply blocks, unpowered buildings, or Contaminate may cause inaccurate times.
  • Supply counts are checked every 10 seconds.